 Dungeon Crawl Stone Soup version 0.32-a0-306-gfed3edf829 (webtiles) character file.

Game seed: 12058432371076053150

1 Bravepunisher the Ducker (level 1, -1/11 HPs)
             Began as a Spriggan Monk on Feb 15, 2024.
             Slain by an orc
             ... wielding a +2 mace of holy wrath
              (6 damage)
             ... on level 4 of the Dungeon.
             The game lasted 00:00:42 (66 turns).

Bravepunisher the Ducker (Spriggan Monk)              Turns: 66, Time: 00:00:42

Health: -1/11      AC:  2    Str:  7    XL:     1   Next: 16%
Magic:  2/2        EV: 18    Int: 11    God:
Gold:   0          SH:  0    Dex: 17    Spells: 0/0 levels left

rFire   . . .        a - +0 short sword
rCold   . . .        (no shield)
rNeg    . . .        b - +0 robe
rPois   .            (helmet restricted)
rElec   .            (no cloak)
rCorr   .            (gloves unavailable)
SInv    +            (boots unavailable)
Will    .....        (no amulet)
Stlth   ++           (no ring)
HPRegen 0.21/turn    (no ring)
MPRegen 0.08/turn

%: no passive effects
@: very quick
A: very small, no large weapons, unfitting armour, see invisible, speed 3
a: no special abilities


You were on level 4 of the Dungeon.
You visited 1 branch of the dungeon, and saw 4 of its levels.

Inventory:

Hand Weapons
 a - a +0 short sword (weapon)
Armour
 b - a +0 robe (worn)
Potions
 c - a potion of ambrosia


   Skills:
 + Level 2.4 Fighting
 - Level 3.2 Short Blades
 * Level 4.1 Dodging


You couldn't memorise any spells.
You didn't know any spells.
Your spell library was empty.

Dungeon Overview and Level Annotations

Branches:
Dungeon (4/15)
 Temple: D:4-7

Altars:


Innate Abilities, Weirdness & Mutations

You are very small and have problems with some larger weapons.
You are too small for most types of armour.
You have supernaturally acute eyesight. (SInv)
You cover ground extremely quickly. (Speed+++)


Message History

The goblin shouts!
You hear an angry hiss.
You hear a shout!
An adder comes into view.
The adder hisses angrily.
The hobgoblin shouts!
You hear a shout!
Unknown command.
The goblin shouts!
The hobgoblin shouts!
The goblin unwields a +0 sling.
The goblin closely misses you.
There is a large open door here.
Unknown command.
You aren't carrying any scrolls.
The jackal bites you. The goblin closely misses you.
There is a large open door here.
Unknown command.
The jackal barely misses you. The jackal closely misses you.
The orc completely misses you.
You hit the orc.
The orc is moderately wounded.
The jackal misses you.
You hit the orc.
The orc is severely wounded.
The jackal barely misses you. The jackal completely misses you.
The orc closely misses you.
You closely miss the orc.
The orc is severely wounded.
The jackal misses you. The jackal closely misses you. The jackal misses you. x2
You barely miss the orc.
The orc barely misses you. x2; The jackal misses you.
The jackal bites you.
You hit the orc but do no damage. The jackal misses you.
The jackal bites you but does no damage.
The orc misses you.
You hit the orc.
The orc is lightly wounded.
The orc closely misses you. The jackal misses you. x2
Unknown command.
You closely miss the orc.
The orc is lightly wounded.
The orc completely misses you. The jackal completely misses you.
The orc hits you with a +2 mace of holy wrath.
Ouch! That really hurt!
You die...

##hhh##.#####
#.###.#..#
#.. #..?#.#
#.. #...#.#
#.. #...#.#
.#. ##[##.##
.### .###oW#
### .. ##o#
.... .. #o@#
g.... ###
#hh##≈≈~...
#.gS'.≈g...
#..##≈≈g...
#### g~...
.... ###


You could see a phantom, an adder, 3 orcs, 2 jackals and a goblin.

Vanquished Creatures
  A frilled lizard (D:3)
1 creature vanquished.

Notes
Turn   | Place    | Note
-------+----------+-------------------------------------------
     0 | D:1      | Bravepunisher the Spriggan Monk began the quest for the
                  | Orb.
     0 | D:1      | Reached XP level 1. HP: 11/11 MP: 2/2
    28 | D:4      | Noticed an orc wizard
    28 | D:4      | Noticed a phantom
    66 | D:4      | Slain by an orc

Illustrated notes

Levels and vault maps discovered:
D:1:      dpeg_arrival_tiny_a, layout_loops_ring, moated_statue,
          minmay_misc_feat_enclosed, serial_bayou_crossing
D:2:      layout_basic, basic_altar,
          dreamdust_ecumenical_altar_hidden_monk_grotto, uniq_sigmund
D:3:      minmay_diamond_boxcup, layout_basic
D:4:      nicolae_cairo_tiling, layout_basic, mainiacjoe_overflow_alcove_1,
          minmay_goblin_outpost

Action                     || total
---------------------------++-------
  Melee: Short sword       ||    12
 Armour: Robe              ||    10
  Dodge: Dodged            ||    48

Table legend: (Time is in decaauts)
 A = Elapsed time spent in this place.
 B = Non-inter-level travel time spent in this place.
 C = Inter-level travel time spent in this place.
 D = Time resting spent in this place.
 E = Time spent auto-exploring this place.
 F = Levels seen in this place.
 G = Mean time per level.
                   A        B        C        D        E       F      G
               +--------+--------+--------+--------+--------+-----+--------+
         Total |     46 |     46 |      0 |      0 |      0 |   4 |   11.5 |
       Dungeon |     46 |     46 |      0 |      0 |      0 |   4 |   11.5 |
               +--------+--------+--------+--------+--------+-----+--------+

Top non-repeatable levels by time:
     D:4: 25 daAuts
     D:1: 8 daAuts
     D:3: 7 daAuts
     D:2: 5 daAuts
